Map: Galactic Process LE

Players

Serral

  • Race: Zerg Zerg

uThermal - Winner!

  • Race: Terran Terran

Event: 2016 WCS Summer Circuit Championship (DH Montreal)

VOD

https://www.youtube.com/watch?v=H_fiWdxv2y8

Description

Time

  • Played on: Aug. 12, 2016, 1:52 p.m.
  • Length: 20:49

All games in this series

Show
View Real Time Build Order
Export as new Build Order

Serral Zerg 

Build Orders: Hatch First, Ultralisks, Zergling Roach Ravager 

Get SALT Encoding   

  12  0:00  Drone  
  13  0:13  Overlord  
  13  0:18  Drone  
  14  0:31  Drone x2  
  14  0:35  Drone  
  17  0:53  Hatchery  
  17  0:56  Drone  
  17  0:59  Drone  
  17  1:01  Extractor  
  17  1:14  Spawning Pool  
  17  1:17  Drone  
  17  1:21  Drone  
  18  1:28  Drone  
  19  1:40  Overlord  
  19  2:01  Metabolic Boost, Queen, Zergling x4  
  19  2:05  Queen  
  25  2:10  Drone  
  25  2:13  Drone  
  27  2:18  Drone  
  27  2:22  Drone  
  30  2:37  Drone  
  30  2:39  Spine Crawler  
  30  2:40  Queen  
  31  2:46  Queen  
  33  2:52  Overlord  
  33  2:55  Zergling x2  
  34  2:59  Zergling x2  
  34  3:05  Zergling x4  
  36  3:11  Spine Crawler  
  35  3:18  Spine Crawler  
  34  3:27  Zergling x6  
  37  3:34  Queen  
  39  3:50  Drone x2  
  41  3:56  Overlord  
  41  3:57  Queen  
  41  4:01  Drone  
  44  4:18  Drone x3  
  44  4:19  Roach Warren  
  46  4:27  Queen  
  46  4:29  Drone x2  
  50  4:32  Overlord  
  50  4:42  Drone  
  50  4:43  Drone x2, Extractor  
  52  4:53  Drone x2  
  54  5:03  Roach x3  
  60  5:08  Overlord x2  
  60  5:28  Drone x3  
  62  5:35  Hatchery  
  62  5:37  Hatchery  
  62  5:42  Zergling x8  
  64  5:43  Zergling x2  
  65  5:56  Drone x4  
  65  5:57  Drone  
  67  6:01  Evolution Chamber  
  67  6:02  Evolution Chamber  
  63  6:05  Drone  
  63  6:08  Drone  
  65  6:15  Extractor  
  65  6:17  Extractor  
  63  6:19  Overlord  
  63  6:20  Drone x3  
  63  6:21  Drone x3  
  64  6:28  Zerg Melee Weapons Level 1, Zerg Ground Armor Level 1  
  64  6:31  Drone  
  64  6:32  Drone  
  65  6:41  Lair  
  65  6:42  Roach x2  
  68  6:48  Roach x2  
  68  6:49  Roach  
  74  6:54  Queen  
  74  7:01  Roach x3  
  78  7:03  Drone x2  
  79  7:15  Drone x2  
  79  7:16  Drone x3  
  79  7:19  Overlord  
  83  7:23  Drone x2  
  83  7:24  Drone x3  
  88  7:33  Overlord  
  87  7:38  Queen  
  87  7:39  Glial Reconstitution  
  87  7:43  Zergling x4  
  90  7:51  Roach x4, Zergling x4  
  92  7:54  Queen  
  94  8:06  Drone x4  
  94  8:10  Overlord  
  94  8:12  Overlord  
  98  8:23  Overlord  
  98  8:25  Zerg Melee Weapons Level 2, Zerg Ground Armor Level 2  
  98  8:27  Extractor x2, Queen  
  98  8:28  Infestation Pit  
  98  8:29  Drone x3  
  100  8:34  Drone x4  
  100  8:40  Queen  
  106  8:44  Ravager x2  
  106  8:45  Ravager  
  106  8:46  Drone x2  
  111  8:56  Overlord  
  111  8:57  Roach x5  
  121  9:07  Overlord x3  
  121  9:08  Overlord  
  114  9:19  Drone x6  
  120  9:28  Roach x2  
  122  9:33  Drone  
  122  9:37  Infestor x2  
  126  9:39  Overlord  
  121  9:58  Drone x3  
  121  9:59  Drone  
  123  10:03  Drone, Queen  
  123  10:06  Infestor  
  123  10:07  Infestor x3  
  126  10:09  Ravager  
  126  10:10  Ravager x4  
  141  10:14  Hatchery, Roach  
  138  10:22  Roach x4  
  146  10:37  Hive, Roach  
  146  10:38  Roach x4  
  146  10:39  Drone  
  154  10:51  Roach x5  
  143  11:09  Extractor  
  143  11:11  Drone x4  
  142  11:13  Queen  
  142  11:15  Extractor, Roach  
  142  11:16  Roach x5  
  156  11:24  Ravager x2  
  156  11:25  Ravager x2  
  160  11:29  Drone x2  
  160  11:30  Hatchery  
  161  11:37  Overlord x2  
  161  11:41  Pneumatized Carapace  
  161  11:42  Hatchery  
  161  11:45  Overlord  
  154  11:57  Roach  
  154  11:58  Roach x7  
  168  12:02  Ultralisk Cavern  
  168  12:07  Ravager x3  
  166  12:11  Roach  
  166  12:12  Roach x2  
  165  12:24  Roach x6  
  177  12:35  Queen  
  151  12:46  Roach  
  151  12:47  Roach x7  
  151  12:51  Chitinous Plating  
  165  12:54  Queen  
  165  12:55  Drone x3  
  170  13:02  Roach  
  170  13:03  Roach x4  
  135  13:22  Ultralisk  
  143  13:27  Zergling x6, Ultralisk  
  143  13:28  Zergling x10  
  149  13:38  Queen x3  
  155  13:48  Extractor  
  151  13:57  Ultralisk  
  151  14:00  Ultralisk  
  151  14:02  Zergling x4  
  162  14:06  Zergling x4  
  112  14:35  Zergling x4, Ultralisk  
  112  14:36  Zergling x20  
  120  14:47  Drone x3  
  120  14:49  Extractor x2, Queen  
  123  14:56  Queen x3  
  129  15:00  Adrenal Glands  
  129  15:08  Ultralisk  
  135  15:18  Ultralisk  
  141  15:28  Zerg Melee Weapons Level 3  
  138  15:35  Queen  
  138  15:39  Infestor  
  142  15:47  Drone x3  
  142  15:52  Ultralisk  
  148  16:02  Queen x3  
  148  16:11  Drone x3, Queen  
  148  16:12  Baneling Nest  
  135  16:45  Ultralisk x2  
  147  16:53  Drone x3  
  150  16:59  Centrifical Hooks  
  150  17:00  Drone  
  150  17:05  Drone  
  148  17:08  Infestor x2  
  148  17:10  Zergling x2  
  148  17:11  Zergling x4  
  138  17:38  Zergling x6  
  138  17:39  Zergling x18  
  150  17:56  Zergling x8  
  150  17:57  Zergling x14  
  155  18:06  Zergling x2, Ultralisk  
  155  18:07  Zergling x2  
  137  18:44  Ultralisk x2  
  149  18:58  Zergling x16  
  156  19:09  Roach x3  
  163  19:10  Roach  
  116  19:49  Ultralisk  
  116  19:50  Ultralisk  
  128  19:59  Hatchery  
  127  20:06  Ultralisk  
  133  20:14  Ravager x3  
  133  20:15  Ravager  
Show
View Real Time Build Order
Export as new Build Order

uThermal Terran - Winner!

Build Orders: MMM Bio 

Get SALT Encoding   

  12  0:01  SCV  
  13  0:13  SCV  
  14  0:18  Supply Depot  
  14  0:25  SCV  
  15  0:30  Refinery  
  15  0:39  SCV  
  16  0:45  Barracks  
  16  0:52  SCV  
  17  1:01  Barracks  
  17  1:05  SCV  
  18  1:19  Barracks  
  18  1:32  Reaper  
  19  1:36  Orbital Command  
  19  1:43  Refinery  
  19  1:48  Reaper  
  20  1:57  Supply Depot  
  20  2:01  SCV  
  20  2:04  Reaper  
  22  2:08  Reaper  
  23  2:18  Supply Depot  
  23  2:20  Reaper  
  24  2:23  SCV  
  25  2:36  Reaper  
  26  2:41  Reaper  
  27  2:48  SCV  
  28  2:52  Reaper  
  29  3:04  Command Center  
  29  3:08  Reaper  
  30  3:13  Reaper  
  30  3:19  SCV  
  32  3:24  Supply Depot, Reaper  
  33  3:35  SCV  
  34  3:47  Barracks Tech Lab  
  34  3:52  SCV  
  35  3:55  Factory  
  35  4:09  Marine, Stimpack  
  38  4:12  Barracks Reactor  
  38  4:13  Barracks Reactor  
  38  4:14  SCV  
  37  4:18  Orbital Command  
  37  4:26  Marine, SCV  
  39  4:38  SCV  
  40  4:41  Factory Reactor, Starport  
  40  4:44  SCV  
  41  4:47  Marine  
  41  4:50  SCV  
  43  4:56  Marine x4, SCV  
  48  5:02  SCV  
  48  5:05  Marine  
  50  5:08  SCV  
  50  5:14  Marine x2, SCV  
  51  5:20  SCV  
  51  5:21  Supply Depot x2, Marine x2  
  54  5:26  SCV  
  57  5:29  Factory Tech Lab, Medivac  
  57  5:32  Marine, SCV  
  57  5:33  Marine  
  62  5:42  Marine x2, SCV  
  62  5:43  Marine  
  62  5:44  SCV  
  65  5:50  Marine  
  65  5:54  Marine, SCV  
  65  5:55  Medivac  
  65  5:56  SCV  
  71  5:59  Medivac  
  71  6:00  Marine  
  71  6:04  Marine  
  74  6:06  SCV  
  74  6:07  Marine  
  74  6:08  Marine  
  74  6:09  SCV  
  77  6:12  Marine  
  77  6:18  Marine  
  76  6:22  Marine  
  76  6:25  Medivac  
  75  6:26  Marine  
  75  6:27  Marine  
  75  6:30  Marine  
  78  6:37  Supply Depot  
  78  6:42  Combat Shields  
  78  6:47  Command Center  
  78  6:55  Engineering Bay  
  78  6:56  Engineering Bay  
  78  6:57  Marine  
  78  6:59  Marine x2, Medivac  
  78  7:00  Refinery, Marine, SCV x2  
  85  7:01  Marine, Refinery  
  85  7:15  Marine  
  81  7:16  Marine  
  81  7:18  Marine  
  81  7:20  Marine x2  
  85  7:25  SCV  
  86  7:30  Terran Infantry Armor Level 1, Terran Infantry Weapons Level 1  
  86  7:38  Supply Depot, Barracks  
  86  7:39  Marine, SCV x2  
  86  7:40  Barracks  
  88  7:50  Marine  
  85  7:51  SCV x2  
  85  7:55  Marine  
  85  7:56  Marine  
  89  7:59  Marine  
  89  8:01  Orbital Command  
  89  8:02  Marine  
  89  8:03  SCV x2  
  69  8:05  Medivac  
  93  8:08  Marine  
  95  8:13  Marine  
  95  8:14  Marine  
  95  8:16  SCV  
  95  8:17  Marine, Siege Tank, Medivac  
  102  8:23  Marine  
  102  8:26  Barracks  
  103  8:27  Barracks  
  103  8:28  Barracks Reactor  
  103  8:29  Barracks Reactor, Marine  
  103  8:30  Armory  
  103  8:31  Marine  
  105  8:35  Marine  
  104  8:42  Medivac  
  104  8:43  Marine  
  104  8:47  Supply Depot, Medivac  
  104  8:48  SCV  
  110  8:49  Marine, Siege Tank, SCV  
  110  8:52  Marine  
  110  8:54  Marine  
  117  9:03  Supply Depot x2  
  117  9:05  Marine x2  
  117  9:07  Marine  
  120  9:13  Marine  
  120  9:14  Marine  
  117  9:18  Marine  
  117  9:19  Barracks Tech Lab x2  
  117  9:22  Marine  
  117  9:23  Marauder  
  121  9:26  Marine  
  121  9:29  Siege Tank  
  123  9:31  Marine  
  123  9:35  Terran Infantry Weapons Level 2  
  123  9:36  Terran Infantry Armor Level 2  
  123  9:37  SCV x2  
  123  9:38  SCV  
  123  9:42  Marine  
  123  9:45  Marauder x2  
  128  9:47  Marine, Marauder  
  128  9:49  Marine, SCV x2  
  134  9:58  Marine  
  135  10:01  Siege Tank  
  135  10:03  Refinery  
  135  10:05  Concussive Shells, Refinery  
  135  10:06  Supply Depot, Marauder  
  140  10:09  Marine  
  140  10:10  Marauder  
  140  10:12  Marine  
  144  10:14  Marine  
  144  10:15  Marauder  
  147  10:22  Marine  
  147  10:28  Supply Depot, SCV, Marauder  
  150  10:29  SCV  
  150  10:30  Supply Depot, Marine  
  150  10:31  Marauder  
  155  10:43  Siege Tank  
  147  10:53  Marine  
  147  10:54  Marauder  
  148  11:01  Marine  
  148  11:02  Marine  
  148  11:03  Marine x2  
  148  11:04  Medivac  
  135  11:06  Marine  
  132  11:13  Marine  
  132  11:15  Siege Tank, Marauder  
  132  11:16  Marine x2  
  140  11:19  Marine  
  140  11:21  Command Center  
  140  11:22  Marine  
  140  11:23  Marauder  
  140  11:25  Marine  
  141  11:28  Medivac  
  143  11:37  Marine, Marauder  
  146  11:49  Siege Tank  
  147  11:56  Marine x2, Marauder  
  147  11:57  Marauder  
  147  11:58  Marine  
  147  11:59  Marauder  
  155  12:02  Medivac, Marine  
  155  12:03  Marine  
  154  12:09  Marine  
  154  12:12  Marine  
  155  12:16  Supply Depot, Marine  
  155  12:18  Marauder  
  155  12:19  Marine  
  150  12:24  Marine  
  138  12:45  Marine  
  138  12:46  Marauder  
  138  12:49  Marine x2, Marauder  
  144  12:52  Marine, Marauder  
  144  12:55  Marine  
  147  13:02  Marine  
  134  13:06  Marine  
  134  13:07  Marauder  
  134  13:08  Marine  
  134  13:11  Marauder  
  139  13:14  Marauder, Orbital Command  
  139  13:18  Marine  
  139  13:19  Marine  
  126  13:23  Marine  
  126  13:24  Marine x2  
  126  13:27  Medivac  
  125  13:28  Marauder  
  125  13:29  Medivac  
  129  13:34  Marine  
  129  13:38  Marine, Marauder  
  129  13:39  Marine  
  134  13:45  Siege Tank  
  134  13:47  Marine  
  133  14:05  Medivac  
  133  14:07  Planetary Fortress  
  133  14:08  Marine x3, Marauder x2  
  141  14:12  Marine  
  127  14:26  Marine x2, Marauder  
  127  14:28  Liberator, Marine x3  
  127  14:29  Liberator, Marine  
  127  14:30  Marauder x2  
  120  14:35  Marine x2  
  115  14:44  Marine x2  
  112  14:46  Marine  
  112  14:47  Marine x2  
  112  14:48  Marauder  
  112  14:49  Marine  
  112  14:51  Marauder x2  
  125  14:53  Marine x2  
  127  15:04  Marine  
  131  15:09  Marauder  
  131  15:12  Factory Reactor, Marauder  
  131  15:13  Marine, Marauder  
  139  15:16  Marine x2  
  139  15:18  Liberator  
  139  15:20  Command Center, Barracks Tech Lab  
  139  15:21  Barracks Tech Lab  
  137  15:26  Marine  
  137  15:30  Marine  
  137  15:31  Marauder  
  137  15:34  Marine x2, Marauder  
  137  15:35  Marauder  
  144  15:38  Marine  
  144  15:39  Marine  
  144  15:40  SCV  
  144  15:42  SCV x2  
  149  15:52  Marauder, SCV  
  149  15:53  Liberator  
  149  15:55  Marauder  
  149  15:56  Marauder  
  149  15:57  Marauder  
  157  16:00  Liberator  
  156  16:09  Marine  
  156  16:10  Marine, Marauder  
  156  16:11  Widow Mine x2  
  156  16:15  Missile Turret, Supply Depot  
  163  16:19  Missile Turret  
  163  16:27  Marine  
  163  16:28  Marauder  
  166  16:35  Marine, Marauder  
  166  16:36  Liberator  
  166  16:39  Marine  
  163  16:40  Marauder  
  163  16:43  Widow Mine x2, Liberator  
  163  16:46  Marine, Marauder x2  
  172  16:49  Marauder  
  172  16:50  Marine  
  178  16:56  Marauder  
  183  17:02  Marine  
  183  17:03  Marauder  
  183  17:07  Terran Infantry Weapons Level 3, Terran Infantry Armor Level 3  
  180  17:19  Liberator  
  176  17:29  Marine, Marauder  
  156  17:32  Marine, Marauder  
  156  17:34  Marine x2, Marauder  
  156  17:35  Marauder  
  156  17:36  Marine  
  160  17:38  Widow Mine x2  
  160  17:43  Medivac  
  166  17:47  Marine  
  166  17:49  Marine  
  166  17:51  Marauder  
  169  17:52  Marine  
  169  17:54  Marauder x2  
  169  17:56  Marauder  
  169  17:57  Planetary Fortress  
  176  18:02  Liberator  
  176  18:09  Marine  
  176  18:10  Marine, Marauder  
  176  18:12  Marauder  
  182  18:13  Medivac, Marine  
  182  18:15  Marine, Marauder  
  178  18:26  Liberator  
  165  18:41  Marine x2, Marauder x2  
  163  18:44  Marine  
  163  18:45  Liberator, Marauder  
  169  18:48  Starport  
  169  18:50  Marine, Marauder  
  172  18:59  Marine  
  172  19:00  Marauder  
  172  19:01  Widow Mine  
  172  19:02  Widow Mine  
  182  19:04  Marine, Marauder  
  182  19:09  Liberator x2  
  167  19:27  Liberator  
  167  19:30  Widow Mine  
  156  19:34  Marine, Marauder  
  156  19:38  Widow Mine, Marine x2  
  156  19:39  Marauder  
  156  19:44  Marine, Marauder  
  159  19:47  Marine  
  159  19:48  Marauder  
  159  19:52  Marine  
  163  19:56  Marine x2, Marauder  
  163  19:59  Widow Mine  
  165  20:00  Marauder  
  165  20:02  Marine  
  165  20:05  Marauder  
  165  20:06  Marauder  
  162  20:08  Marine  
  162  20:09  Marine  
  167  20:15  Marine  
  167  20:17  Marauder  
  166  20:21  Marauder  
  166  20:22  Marine x2  
  166  20:27  Marine, Marauder x3  
Tags
 
Add a new tag
Caveats
  • Supply blocks, unpowered buildings, or Contaminate may cause inaccurate times.
  • Supply counts are checked every 10 seconds.